 Dungeon Crawl Stone Soup version 0.28-a0-1568-g77cbbf62ba (webtiles) character file.

Game seed: 15595189995175926865

5208 Jepp2078 the Covert (level 10, -1/111 HPs)
             Began as a Gnoll Venom Mage on Jan 19, 2022.
             Was a Follower of Ashenzari.
             Slain by a vampire mosquito (9 damage)
             ... on level 7 of the Dungeon on Jan 20, 2022.
             The game lasted 00:43:18 (12016 turns).

Jepp2078 the Covert (Gnoll Venom Mage)             Turns: 12016, Time: 00:43:19

Health: -1/111     AC: 29    Str: 10    XL:     10   Next: 60%
Magic:  19/21      EV:  2    Int: 16    God:    Ashenzari [*.....]
Gold:   374        SH:  0    Dex: 13    Spells: 13/24 levels left

rFire   . . .      SeeInvis .   p - +2 hand axe of the All-seeing Moon {vamp, Alch, Melee} (curse)
rCold   . . .      Faith    .   (no shield)
rNeg    . . .      Spirit   .   (armour currently unavailable)
rPois   +          Reflect  .   (helmet currently unavailable)
rElec   .          Harm     .   (cloak currently unavailable)
rCorr   .          Rampage  .   (gloves currently unavailable)
Will    .....      NoTele   +   (boots currently unavailable)
Stlth   ++++......              (no amulet)
HPRegen 0.28/turn               g - ring of the Mantic Dismay {AC+4, Cun, Fort} (curse)
MPRegen 0.17/turn               l - +4 ring of evasion

@: tree-form, hasted, studying Stealth, very quick
A: stationary, stasis, torment immunity, boosted hp, (fangs 1), strong nose,
distributed training
a: Renounce Religion, Curse Item, Shatter the Chains


You were on level 7 of the Dungeon.
You worshipped Ashenzari.
Ashenzari was aware of your devotion.
You were a tree.
You visited 2 branches of the dungeon, and saw 9 of its levels.

You collected 374 gold pieces.

Inventory:

Hand Weapons
 p - the cursed +2 hand axe of the All-seeing Moon (weapon) {vamp, Alch, Melee}
   (You took it off an orc on level 4 of the Dungeon)

   It occasionally heals its wielder for a portion of the damage dealt when it
   wounds a living foe.
   It has a curse which improves the following skills: Alchemy: Poison Magic and
   Transmutations.
   Melee Combat: Short Blades, Long Blades, Axes, Maces & Flails, Polearms,
   Staves and Unarmed Combat.
 G - a +0 shortbow
Missiles
 x - 2 curare-tipped darts
 H - 70 arrows
 I - 10 poisoned darts
Armour
 e - a +1 ring mail of cold resistance
 k - a +2 robe of willpower
 n - a +0 kite shield
 y - a +1 robe of the Archmagi (melded)
 D - a +0 cloak of willpower (melded)
Magical Staves
 v - a staff of poison
Jewellery
 g - the cursed ring of the Mantic Dismay (left branch) {AC+4, Cun, Fort}
   (You found it on level 2 of the Dungeon)

   [ring of protection]

   AC:        It affects your AC (+4).
   It has a curse which improves the following skills: Cunning: Dodging and
   Stealth.
   Fortitude: Armour and Shields.
 l - a +4 ring of evasion (right branch)
 F - a +4 ring of evasion
Wands
 m - a wand of iceblast (10)
 w - a wand of flame (13)
Scrolls
 b - a scroll of vulnerability
 d - 9 scrolls of identify
 f - a scroll of torment
 i - a scroll of silence
 j - 3 scrolls of enchant weapon
 r - a scroll of noise
 s - 2 scrolls of fear
 B - a scroll of immolation
 C - a scroll of amnesia
 E - a scroll of brand weapon
Potions
 a - a potion of ambrosia
 c - a potion of curing
 h - a potion of degeneration
 o - a potion of lignification
 q - a potion of brilliance
 t - a potion of flight
 u - a potion of cancellation
 z - a potion of might


   Skills:
 + Level 5.4 Fighting
 + Level 5.4(6.2) Short Blades
 + Level 5.4(6.2) Long Blades
 + Level 5.4(6.2) Axes
 + Level 5.4(6.2) Maces & Flails
 + Level 5.4(6.2) Polearms
 + Level 5.4(6.2) Staves
 + Level 5.4 Slings
 + Level 5.4 Bows
 + Level 5.4 Crossbows
 + Level 5.4 Throwing
 + Level 5.4(6.2) Armour
 + Level 7.2(8.1) Dodging
 + Level 8.3(9.1) Stealth
 + Level 5.4(6.2) Shields
 + Level 5.4(6.2) Unarmed Combat
 + Level 7.5 Spellcasting
 + Level 4.5 Conjurations
 + Level 4.5 Hexes
 + Level 4.5 Summonings
 + Level 4.5 Necromancy
 + Level 4.5 Translocations
 + Level 5.0(5.8) Transmutations
 + Level 4.5 Fire Magic
 + Level 4.5 Ice Magic
 + Level 4.5 Air Magic
 + Level 4.5 Earth Magic
 + Level 7.1(8.0) Poison Magic
 + Level 6.0 Invocations
 + Level 5.4 Evocations


You had 13 spell levels left.
You knew the following spells:

 Your Spells              Type           Power      Damage    Failure   Level
a - Sting                 Tmut/Pois      100%       1d8       1%          1
b - Poisonous Vapours     Pois/Air       52%        N/A       1%          2
c - Olgreb's Toxic Radia  Pois           31%        N/A       4%          4
d - Fulminant Prism       Conj/Hex       10%        3d9       19%         4

Your spell library contained the following spells:

 Spells                   Type           Power      Damage    Failure   Level
 Corpse Rot               Necr/Air       40%        N/A       2%          2
 Ensorcelled Hibernation  Hex/Ice        40%        N/A       2%          2
 Passwall                 Tmut/Erth      18%        N/A       2%          2
 Mephitic Cloud           Conj/Pois/Air  24%        N/A       3%          3
 Swiftness                Air            20%        N/A       5%          3
 Iskenderun's Mystic Bla  Conj/Tloc      20%        2d6       19%         4
 Summon Ice Beast         Ice/Summ       20%        N/A       19%         4
 Lee's Rapid Deconstruct  Erth           10%        3d9*      45%         5
 Lightning Bolt           Conj/Air       10%        1d23      45%         5


Dungeon Overview and Level Annotations

Branches:
Dungeon (8/15)             Temple (1/1) D:4
   Lair: D:8-11

Altars:
Ashenzari
Cheibriados
Dithmenos
Elyvilon
Fedhas
Gozag
Kikubaaqudgha
Makhleb
Nemelex Xobeh
Okawaru
Qazlal
Ru
Sif Muna
Trog
Uskayaw
Vehumet
Wu Jian
Xom
Zin
The Shining One

Shops:
D:1 ?   D:2 (

Annotations:
D:2 exclusion: downstairs
D:3 Sigmund
D:4 exclusion: downstairs
D:5 Menkaure
D:8 1 exclusion


Innate Abilities, Weirdness & Mutations

You are a tree.
Your roots penetrate the ground, keeping you stationary.
You cannot be teleported.
You are immune to unholy pain and torment.
Your maximum health is greatly increased.
Your equipment is partially melded.
((You have very sharp teeth.))
Your uncanny sense of smell can sniff out nearby items.
Your experience applies equally to all skills.


Message History

The vampire mosquito completely misses you.
The vampire mosquito bites you but does no damage.
You climb upwards.
There is a stone staircase leading down here.
Really quaff the potion of lignification?
You turn into a tree.
Your +0 cloak of willpower melds into your body.
Your +1 robe of the Archmagi melds into your body.
You feel less strong-willed.
You feel strangely numb.
Your roots penetrate the ground.
The vampire mosquito bites you but does no damage.
You barely miss the vampire mosquito. The vampire mosquito barely misses you.
You slash the vampire mosquito!
The vampire mosquito is moderately damaged.
The vampire mosquito bites you but does no damage. x2
You hit the vampire mosquito.
The vampire mosquito is heavily damaged.
The vampire mosquito bites you.
* * * LOW HITPOINT WARNING * * *
The vampire mosquito draws strength from your injuries!
You closely miss the vampire mosquito.
The vampire mosquito is heavily damaged.
The vampire mosquito bites you.
* * * LOW HITPOINT WARNING * * *
The vampire mosquito draws strength from your injuries!
You miss the vampire mosquito.
The vampire mosquito is moderately damaged.
The vampire mosquito bites you but does no damage.
The vampire mosquito bites you.
* * * LOW HITPOINT WARNING * * *
The vampire mosquito draws strength from your injuries!
You barely miss the vampire mosquito.
The vampire mosquito is moderately damaged.
The vampire mosquito bites you!
* * * LOW HITPOINT WARNING * * *
The vampire mosquito draws strength from your injuries!
You barely miss the vampire mosquito. You punch the vampire mosquito.
The vampire mosquito is moderately damaged.
The vampire mosquito bites you!
You die...

#.......#.###.....# ##...
#.......#......[..# ###.
#.......#.###.....# #.
#.......#.###.)...# #.
#.......#.......#.# #.
#.......#..######.#######.
###.#####..# #.........
#.# #.[# ##.####### #.#
#♣y######.#.## ## #.#
#........###.####. #.#
#.#####.## ##.##.. #.# #.#
#.## ###... #.# #.#####)##
##...≈ #.#
#.>......####...≈≈ #.#
#########.###..≈≈# #.#
##.#...≈## #.########
#.#...≈##


You could see a vampire mosquito.

Vanquished Creatures
  A two-headed ogre (D:8)
  Pikel (D:8)
  A cyclops (D:8)
  Psyche (D:8)
  5 yaks (D:8)
  A wyvern (D:8)
  A vampire mosquito (D:7)
  2 sky beasts
  3 necrophages
  2 black bears
  3 ogres
  2 centaurs (D:7)
  3 lemures (D:8)
  2 phantoms
  3 kobold brigands
  A bullfrog (D:6)
  Blork the orc (D:6)
  2 water moccasin zombies
  3 wights (D:8)
  A bullfrog zombie (D:5)
  2 hounds
  3 bullfrog skeletons
  2 orc priests
  A centaur skeleton (D:5)
  2 gnoll shamans
  Crazy Yiuf (D:6)
  4 iguanas
  An orc wizard (D:3)
  9 gnolls
  6 adders
  A shadow imp (D:8)
  2 white imps
  2 ufetubi
  2 adder skeletons (D:4)
  3 dart slugs
  2 worms (D:2)
  15 orcs
  8 endoplasms
  2 giant cockroaches
  10 goblins
  7 hobgoblins
  5 quokkas
  5 ball pythons
  6 bats
  5 frilled lizards
  11 kobolds
  A quokka skeleton (D:4)
  6 rats
163 creatures vanquished.

Vanquished Creatures (others)
  2 fungi (D:6)
2 creatures vanquished.

Grand Total: 165 creatures vanquished

Notes
Turn   | Place    | Note
-------+----------+-------------------------------------------
     0 | D:1      | Jepp2078 the Gnoll Venom Mage began the quest for the Orb.
     0 | D:1      | Reached XP level 1. HP: 13/13 MP: 6/6
   388 | D:1      | Reached XP level 2. HP: 13/19 MP: 3/7
   828 | D:1      | Found a faded altar of an unknown god.
   950 | D:1      | Found Urhann's Magic Scroll Emporium.
  1494 | D:2      | Reached XP level 3. HP: 25/25 MP: 9/9
  1502 | D:2      | Reached skill level 5 in Spellcasting
  1677 | D:2      | Reached skill level 1 in Invocations
  1825 | D:2      | Reached skill level 1 in Fighting
  1825 | D:2      | Reached skill level 1 in Short Blades
  1825 | D:2      | Reached skill level 1 in Long Blades
  1825 | D:2      | Reached skill level 1 in Axes
  1825 | D:2      | Reached skill level 1 in Maces & Flails
  1825 | D:2      | Reached skill level 1 in Polearms
  1825 | D:2      | Reached skill level 1 in Staves
  1825 | D:2      | Reached skill level 1 in Slings
  1825 | D:2      | Reached skill level 1 in Bows
  1825 | D:2      | Reached skill level 1 in Crossbows
  1825 | D:2      | Reached skill level 1 in Throwing
  1825 | D:2      | Reached skill level 1 in Armour
  1825 | D:2      | Reached skill level 1 in Shields
  1825 | D:2      | Reached skill level 1 in Unarmed Combat
  1825 | D:2      | Reached skill level 1 in Evocations
  2019 | D:2      | Reached XP level 4. HP: 31/32 MP: 8/11
  2137 | D:2      | Found Wixzal's Weapon Boutique.
  2412 | D:3      | Noticed Sigmund
  3075 | D:4      | Noticed an ogre
  3142 | D:3      | Reached skill level 1 in Conjurations
  3142 | D:3      | Reached skill level 1 in Hexes
  3142 | D:3      | Reached skill level 1 in Summonings
  3142 | D:3      | Reached skill level 1 in Necromancy
  3142 | D:3      | Reached skill level 1 in Translocations
  3142 | D:3      | Reached skill level 1 in Fire Magic
  3142 | D:3      | Reached skill level 1 in Ice Magic
  3142 | D:3      | Reached skill level 1 in Air Magic
  3142 | D:3      | Reached skill level 1 in Earth Magic
  3400 | D:3      | Reached XP level 5. HP: 25/37 MP: 9/12
  3898 | D:4      | Learned a level 2 spell: Poisonous Vapours
  4010 | D:4      | Found a glowing golden altar of the Shining One.
  4115 | D:4      | Noticed an ogre
  4159 | D:4      | Killed an ogre
  4160 | D:4      | Reached XP level 6. HP: 37/44 MP: 7/14
  4315 | D:4      | Reached skill level 5 in Dodging
  4771 | D:4      | Reached XP level 7. HP: 50/50 MP: 6/15
  4916 | D:4      | Found a staircase to the Ecumenical Temple.
  5205 | Temple   | Entered the Ecumenical Temple
  5349 | Temple   | Upgraded the game from 0.28-a0-1560-g060a6a1bfc to
                  | 0.28-a0-1568-g77cbbf62ba
  5356 | Temple   | Became a worshipper of Ashenzari the Shackled
  5394 | D:5      | Entered Level 5 of the Dungeon
  5633 | D:5      | Reached skill level 5 in Stealth
  5711 | D:5      | Found a sparkling altar of Nemelex Xobeh.
  5946 | D:5      | Noticed Menkaure
  6073 | D:5      | Reached XP level 8. HP: 17/57 MP: 12/16
  7047 | D:6      | Found a runed translucent door.
  7048 | D:6      | Noticed Crazy Yiuf
  7937 | D:6      | Got the Guide on Gliding Cold
  7943 | D:6      | Learned a level 4 spell: Olgreb's Toxic Radiance
  8016 | D:6      | Reached skill level 6 in Stealth
  8016 | D:6      | Reached XP level 9. HP: 51/65 MP: 11/18
  8102 | D:6      | Noticed Blork the orc
  8115 | D:6      | Killed Blork the orc
  8422 | D:6      | Reached * piety under Ashenzari
  8741 | D:6      | Killed Crazy Yiuf
  9120 | D:7      | Found a burning altar of Makhleb.
  9181 | D:7      | Found a white marble altar of Elyvilon.
 10180 | D:8      | Reached skill level 7 in Stealth
 10180 | D:8      | Reached skill level 5 in Invocations
 10633 | D:8      | Noticed a two-headed ogre
 10652 | D:8      | Killed a two-headed ogre
 10653 | D:8      | Reached skill level 5 in Fighting
 10653 | D:8      | Reached skill level 5 in Short Blades
 10653 | D:8      | Reached skill level 5 in Long Blades
 10653 | D:8      | Reached skill level 5 in Axes
 10653 | D:8      | Reached skill level 5 in Maces & Flails
 10653 | D:8      | Reached skill level 5 in Polearms
 10653 | D:8      | Reached skill level 5 in Staves
 10653 | D:8      | Reached skill level 5 in Slings
 10653 | D:8      | Reached skill level 5 in Bows
 10653 | D:8      | Reached skill level 5 in Crossbows
 10653 | D:8      | Reached skill level 5 in Throwing
 10653 | D:8      | Reached skill level 5 in Armour
 10653 | D:8      | Reached skill level 5 in Shields
 10653 | D:8      | Reached skill level 5 in Unarmed Combat
 10653 | D:8      | Reached skill level 5 in Evocations
 10653 | D:8      | Reached XP level 10. HP: 74/74 MP: 15/20
 10732 | D:8      | Noticed a cyclops
 10754 | D:8      | Killed a cyclops
 11217 | D:8      | Reached skill level 8 in Stealth
 11450 | D:8      | Noticed Psyche
 11478 | D:8      | Killed Psyche
 11869 | D:8      | Learned a level 4 spell: Fulminant Prism
 11950 | D:8      | Noticed Pikel
 11984 | D:8      | Killed Pikel
 11985 | D:8      | Reached skill level 5 in Transmutations
 12016 | D:7      | Slain by a vampire mosquito

Illustrated notes

Levels and vault maps discovered:
D:1:      dpeg_arrival_simpleton_a, layout_loops_corners,
          ebering_ecumenical_altar_webs, serial_shops, nicolae_shop_trees
D:2:      layout_rooms, serial_shops, nicolae_shop_hallway_stairs
D:3:      layout_loops_ring, uniq_sigmund
D:4:      layout_rooms, kennysheep_mini_moat, temple_fountains, minmay_quantized
D:5:      layout_basic, nemelex_diamond_rough_becter, minmay_manual_mullet,
          uniq_menkaure
D:6:      layout_loops_corners, minmay_misc_feat_cross, uniq_crazy_yiuf_cottage,
          uniq_blork_the_orc
D:7:      layout_loops_ring, mainiacjoe_overflow_alcove_2,
          nicolae_elyvilon_peaceful_grove, kb_lookout_dungeons_type,
          kennysheep_donut
D:8:      layout_gridville, minmay_sticks_and_stones, uniq_psyche, uniq_pikel
Temple:   eino_temple_rhombus

Skill      XL: |  1  2  3  4  5  6  7  8  9 10 |
---------------+-------------------------------+-----
Transmutations | 2 3 4 5 |  5.0
Spellcasting   | 5 6 7 |  7.5
Invocations    | 1 2 3 4 5 6 |  6.0
Fighting       | 1 2 3 5 |  5.4
Short Blades   | 1 2 3 5 |  5.4
Long Blades    | 1 2 3 5 |  5.4
Axes           | 1 2 3 5 |  5.4
Maces & Flails | 1 2 3 5 |  5.4
Polearms       | 1 2 3 5 |  5.4
Staves         | 1 2 3 5 |  5.4
Slings         | 1 2 3 5 |  5.4
Bows           | 1 2 3 5 |  5.4
Crossbows      | 1 2 3 5 |  5.4
Throwing       | 1 2 3 5 |  5.4
Armour         | 1 2 3 5 |  5.4
Shields        | 1 2 3 5 |  5.4
Unarmed Combat | 1 2 3 5 |  5.4
Evocations     | 1 2 3 5 |  5.4
Conjurations   | 1 2 3 4 |  4.5
Hexes          | 1 2 3 4 |  4.5
Summonings     | 1 2 3 4 |  4.5
Necromancy     | 1 2 3 4 |  4.5
Translocations | 1 2 3 4 |  4.5
Fire Magic     | 1 2 3 4 |  4.5
Ice Magic      | 1 2 3 4 |  4.5
Air Magic      | 1 2 3 4 |  4.5
Earth Magic    | 1 2 3 4 |  4.5
Dodging        | 5 6 7 |  7.2
Stealth        | 5 6 7 8 |  8.3
Poison Magic   | 6 7 |  7.1

Action                   |  1- 3 |  4- 6 |  7- 9 | 10-12 || total
-------------------------+-------+-------+-------+-------++-------
Melee: Dagger            |    50 |    72 |       |       ||   122
       Bite              |     6 |     9 |    33 |     8 ||    56
       Punch             |     2 |       |     7 |     6 ||    15
       Hand axe          |       |    20 |   261 |    83 ||   364
Throw: Dart              |       |       |       |     1 ||     1
 Cast: Sting             |    52 |    66 |    32 |     1 ||   151
       Poisonous Vapours |       |    28 |    64 |     3 ||    95
       Olgreb's Toxic Ra |       |       |    13 |    11 ||    24
Invok: Curse Item        |       |       |     2 |       ||     2
Evoke: Wand              |       |       |     2 |     6 ||     8
  Use: Scroll            |       |       |     7 |     3 ||    10
       Potion            |       |       |     4 |     4 ||     8
 Stab: Sleeping          |     2 |       |     2 |       ||     4
       Distracted        |       |       |     1 |     1 ||     2
Armor: Robe              |     7 |    58 |   111 |    26 ||   202
       Skin              |       |       |       |     4 ||     4
Dodge: Dodged            |    72 |   105 |   268 |   140 ||   585

Table legend: (Time is in decaauts)
 A = Elapsed time spent in this place.
 B = Non-inter-level travel time spent in this place.
 C = Inter-level travel time spent in this place.
 D = Time resting spent in this place.
 E = Time spent auto-exploring this place.
 F = Levels seen in this place.
 G = Mean time per level.
                   A        B        C        D        E       F      G
               +--------+--------+--------+--------+--------+-----+--------+
         Total |  12125 |  11663 |    462 |   1631 |   7539 |   9 | 1347.2 |
       Dungeon |  11963 |  11519 |    444 |   1631 |   7408 |   8 | 1495.4 |
        Temple |    161 |    144 |     17 |      0 |    131 |   1 |  161.0 |
               +--------+--------+--------+--------+--------+-----+--------+

Top non-repeatable levels by time:
     D:6: 1898 daAuts
     D:8: 1749 daAuts
     D:5: 1666 daAuts
     D:3: 1536 daAuts
     D:1: 1487 daAuts
     D:7: 1390 daAuts
     D:4: 1361 daAuts
     D:2: 873 daAuts
  Temple: 161 daAuts
